 Dungeon Crawl Stone Soup version 0.20-a0-1109-ge3cd172 (webtiles) character file.

2759 nubinia the Thaumaturge (level 9, -10/46 HPs)
             Began as a Deep Elf Air Elementalist on May 5, 2017.
             Was a Follower of Vehumet.
             Killed from afar by braks's ghost (33 damage)
             ... with a fireball
             ... on level 8 of the Dungeon.
             The game lasted 00:35:54 (7863 turns).

nubinia the Thaumaturge (Deep Elf Air Elementalist) Turns: 7863, Time: 00:35:55

Health: -10/46     AC:  3    Str:  8    XL:     9   Next: 41%
Magic:  23/26      EV: 13    Int: 22    God:    Vehumet [*.....]
Gold:   350        SH:  5    Dex: 17    Spells: 15/30 levels left

rFire    . . .     SeeInvis .   a - +1 short sword (speed)
rCold    + . .     Gourm    .   M - +1 buckler {rC+}
rNeg     + . .     Faith    .   Q - +0 robe
rPois    .         Spirit   .   (no helmet)
rElec    .         Reflect  .   (no cloak)
rCorr    .         Harm     .   N - +0 pair of gloves {Str+3}
MR       .....                  (no boots)
Stlth    +++.......             s - amulet of magic regeneration
Regen    0.2/turn               n - ring of wizardry
MPRegen  0.3/turn               S - ring of positive energy

@: no status effects
A: no striking features
a: Renounce Religion


You were on level 8 of the Dungeon.
You worshipped Vehumet.
Vehumet was aware of your devotion.
You were not hungry.

You visited 2 branches of the dungeon, and saw 9 of its levels.

You collected 350 gold pieces.

Inventory:

Hand Weapons
 a - a +1 short sword of speed (weapon)
 b - a +0 blowgun
 d - a +0 dagger
Missiles
 v - 13 poisoned needles
Armour
 M - a +1 buckler of cold resistance (worn)
 N - a +0 pair of gloves of strength (worn)
 Q - a +0 robe (worn)
Magical Staves
 B - an uncursed staff of cold
Jewellery
 i - an uncursed amulet of guardian spirit
 n - a ring of wizardry (left hand)
 s - an amulet of magic regeneration (around neck)
 O - an uncursed ring of poison resistance
 P - an uncursed ring of protection from cold
 S - a ring of positive energy (right hand)
Wands
 t - a wand of polymorph (14/24)
 D - a wand of paralysis (10/24)
 E - a wand of iceblast (12/15)
 H - a wand of digging (16/24)
 I - a wand of random effects (26/48)
 U - a wand of polymorph (1/24)
 V - a wand of confusion (23/48)
Scrolls
 j - 6 scrolls of teleportation
 k - 4 scrolls of remove curse
 l - a scroll of recharging
 m - 2 scrolls of fear
 p - a scroll of magic mapping {unknown}
 u - a scroll of enchant weapon {unknown}
 x - a scroll of fog
 y - a scroll of enchant armour {unknown}
 z - 2 scrolls of blinking
 G - a scroll of noise {unknown}
 K - 6 scrolls of identify
 L - a scroll of amnesia {unknown}
Potions
 e - a potion of lignification
 g - 3 potions of invisibility
 o - 5 potions of curing
 r - a potion of ambrosia {unknown}
 w - a potion of agility {unknown}
 A - a potion of haste
 C - a potion of berserk rage {unknown}
 F - a potion of heal wounds
 J - a potion of might {unknown}
Books
 R - a book of Air

   Spells                             Type                      Level
   a - Shock                          Conjuration/Air              1
   b - Swiftness                      Charms/Air                   2
   c - Static Discharge               Conjuration/Air              3
   d - Airstrike                      Air                          4
   e - Lightning Bolt                 Conjuration/Air              5
Comestibles
 c - 4 bread rations
 f - 9 meat rations
 h - 4 fruits
 q - a royal jelly
 T - a chunk of flesh


   Skills:
 + Level 0.5 Fighting
 + Level 0.8 Short Blades
 + Level 3.1 Dodging
 + Level 4.6 Stealth
 * Level 11.1 Spellcasting
 * Level 6.3 Conjurations
 * Level 4.5 Charms
 + Level 7.0 Air Magic


You had 15 spell levels left.
You knew the following spells:

 Your Spells              Type           Power        Failure   Level  Hunger
a - Shock                 Conj/Air       ####         1%          1    None
b - Airstrike             Air            #####.....   1%          4    #......
c - Static Discharge      Conj/Air       #####...     1%          3    None
d - Lightning Bolt        Conj/Air       #####.....   6%          5    ####...
s - Swiftness             Chrm/Air       #####...     1%          2    None


Dungeon Overview and Level Annotations

Branches:
Dungeon (8/15)             Temple (1/1) D:4
   Lair: D:8-11

Altars:
Ashenzari
Cheibriados
Dithmenos
Elyvilon
Fedhas
Gozag
Hepliaklqana
Kikubaaqudgha
Makhleb
Nemelex Xobeh
Okawaru
Qazlal
Sif Muna
Trog
Uskayaw
Vehumet
Wu Jian
Xom
Yredelemnul
The Shining One

Shops:
D:7 [

Annotations:
D:8 exclusions: player ghost and 1 more exclusion, Joseph; braks's ghost, novice OgFE


Message History

T - 2 chunks of flesh Eating one of 2 chunks of flesh.
You eat one of the 2 chunks of flesh.
This raw flesh tastes terrible.
Magic restored.
You now have 350 gold pieces (gained 6).
Found a bread ration.
Casting: Static Discharge
Confirm with . or Enter, or press ? or * to list all spells.
Aiming: Airstrike
Press: ? - help, Dir - move target cursor, f - braks's ghost
Aim: braks's ghost The air twists around and violently strikes braks's ghost!
Braks's ghost is lightly damaged.
Braks's ghost hits you!!
Ouch! That really hurt!
There is an open door here.
Braks's ghost gestures at you while chanting.
The fireball explodes!
The fireball engulfs you!
Ouch! That really hurt!
You die...

..###### ######### .......
#. .......#
#.......##%...... #.
...###.# #........#.......
#. ...# #.#
#........#......# #. ...#
#.# #................ ..
...# #.# #................
.. ...# #.#
#.#####W#........ ...# #.#
#.# #.#........ ...# #.#
#.# #@#........ ...# #.#
#.# #.#........ ..## #.#
#.# #.#........
...###'###.#####.#........
...'....##.#.....#.......
...#....##.#.##########
...#....##.#..........#
...#######.#..#######.#
...# #.#..# #.#


You could see braks's ghost.

Vanquished Creatures
  Pikel (D:8)
  An orc warrior (D:7)
  2 sky beasts
  3 ogres
  A centaur (D:6)
  A gnoll sergeant (D:8)
  A wyvern zombie (D:8)
  2 bullfrogs
  4 scorpions
  2 wights (D:8)
  3 howler monkeys (D:7)
  3 crimson imps
  A bullfrog zombie (D:6)
  A centaur skeleton (D:6)
  3 hounds
  3 orc priests
  6 orc wizards
  Jessica (D:3)
  3 iguanas
  A worker ant (D:7)
  A hound zombie (D:5)
  A hound skeleton (D:7)
  15 gnolls
  13 adders
  4 river rats (D:5)
  2 shadow imps
  2 oozes
  3 adder skeletons
  A worm (D:4)
  A dart slug (D:3)
  4 leopard geckos
  8 orcs
  4 ball pythons
  6 bats
  3 giant cockroaches
  8 goblins
  5 hobgoblins
  4 jackals
  3 quokkas
  3 frilled lizards
  6 kobolds
  3 rats
143 creatures vanquished.

Vanquished Creatures (others)
  2 slaves (D:8)
2 creatures vanquished.

Grand Total: 145 creatures vanquished

Notes
Turn   | Place    | Note
-------+----------+-------------------------------------------
     0 | D:1      | nubinia the Deep Elf Air Elementalist began the quest for the Orb.
     0 | D:1      | Reached XP level 1. HP: 10/10 MP: 6/6
   112 | D:1      | Found an iron altar of Okawaru.
   222 | D:1      | Reached XP level 2. HP: 15/15 MP: 5/8
   279 | D:1      | Learned a level 2 spell: Swiftness
   590 | D:1      | Reached XP level 3. HP: 3/19 MP: 4/9
   595 | D:1      | Learned a level 3 spell: Static Discharge
  1011 | D:1      | Noticed a sky beast
  1804 | D:3      | Reached XP level 4. HP: 24/24 MP: 7/11
  1849 | D:3      | Learned a level 4 spell: Airstrike
  1871 | D:1      | Found an iron altar of Okawaru.
  1948 | D:1      | Killed a sky beast
  1948 | D:1      | Reached skill level 4 in Spellcasting
  1948 | D:1      | Reached XP level 5. HP: 28/28 MP: 0/13
  2362 | D:3      | Found a shimmering altar of Xom.
  2845 | D:3      | Reached skill level 5 in Spellcasting
  2875 | D:3      | Noticed Jessica
  2878 | D:3      | Killed Jessica
  2878 | D:3      | Reached XP level 6. HP: 22/32 MP: 10/15
  3241 | D:4      | Found a staircase to the Ecumenical Temple.
  3459 | Temple   | Entered the Ecumenical Temple
  3570 | Temple   | Became a worshipper of Vehumet
  3977 | D:4      | Found a sparkling altar of Nemelex Xobeh.
  4020 | D:4      | Reached skill level 5 in Air Magic
  4230 | D:4      | Reached skill level 6 in Spellcasting
  4328 | D:4      | Reached XP level 7. HP: 36/36 MP: 12/18
  4352 | D:5      | Entered Level 5 of the Dungeon
  5288 | D:6      | Reached skill level 1 in Charms
  5291 | D:6      | Reached skill level 7 in Spellcasting
  5403 | D:6      | Identified 3 scrolls of acquirement
  5698 | D:6      | Reached skill level 5 in Conjurations
  5761 | D:6      | Reached XP level 8. HP: 30/41 MP: 12/21
  5914 | D:7      | Reached skill level 8 in Spellcasting
  5987 | D:7      | Found a hazy altar of Hepliaklqana.
  5993 | D:7      | Reached * piety under Vehumet
  5993 | D:7      | Offered knowledge of Magic Dart by Vehumet.
  6078 | D:7      | Found a bloodstained altar of Trog.
  6082 | D:7      | Found a stormy altar of Qazlal.
  6095 | D:7      | Found a shattered altar of Ashenzari.
  6111 | D:7      | Found an ancient bone altar of Kikubaaqudgha.
  6118 | D:7      | Found a deep blue altar of Sif Muna.
  6125 | D:7      | Reached skill level 9 in Spellcasting
  6134 | D:7      | Found an ornate altar of the Wu Jian Council.
  6164 | D:7      | Found Viegra's Armour Shop.
  6281 | D:7      | Found a burning altar of Makhleb.
  6428 | D:7      | Found a glowing golden altar of the Shining One.
  6678 | D:8      | Noticed braks's ghost (novice OgFE)
  6897 | D:8      | Reached skill level 10 in Spellcasting
  6897 | D:8      | Reached XP level 9. HP: 31/46 MP: 1/25
  7430 | D:8      | Noticed Pikel
  7449 | D:8      | Killed Pikel
  7495 | D:8      | Noticed Joseph
  7560 | D:8      | Learned a level 5 spell: Lightning Bolt
  7578 | D:8      | Reached skill level 11 in Spellcasting
  7863 | D:8      | Killed from afar by braks's ghost

Vault maps used:
D:1:      eino_arrival_tree_alley, okawaru_ov_weapons_minmay
D:2:      first_bread
D:3:      xom_teletrap_fun, uniq_jessica
D:4:      nemelex_xobeh_ov_fountains_minmay, temple_pool_b
D:5:      wad_woods_tower, roderic_ancient_swastika, hangedman_decor_points
D:7:      nicolae_overflow_crystal_walls, grunt_temple_overflow_octagram,
          makhleb_grotto_becter, serial_shops, kennysheep_mini
D:8:      uniq_pikel, uniq_joseph
Temple:   kb_temple_of_zot

Skill      XL: |  1  2  3  4  5  6  7  8  9 |
---------------+----------------------------+-----
Conjurations   | 2 3 5 6 |  6.3
Air Magic      | 4 5 6 7 |  7.0
Spellcasting   | 4 5 6 7 10 11 | 11.1
Stealth        | 3 4 |  4.6
Dodging        | 3 |  3.1
Charms         | 1 3 4 |  4.5
Fighting       | |  0.5
Short Blades   | |  0.8

Action                   |  1- 3 |  4- 6 |  7- 9 || total
-------------------------+-------+-------+-------++-------
Melee: Dagger            |     7 |    16 |     5 ||    28
       Short sword       |       |       |     6 ||     6
 Cast: Shock             |    62 |   105 |   134 ||   301
       Static Discharge  |     1 |     6 |    25 ||    32
       Airstrike         |       |     5 |    40 ||    45
       Swiftness         |       |       |     1 ||     1
Evoke: Wand              |       |       |     1 ||     1
  Use: Scroll            |     2 |     7 |     8 ||    17
       Potion            |     1 |     1 |       ||     2
 Stab: Sleeping          |     2 |     2 |     2 ||     6
  Eat: Chunk             |     3 |     7 |    14 ||    24
Armor: Robe              |     3 |     1 |     6 ||    10
Dodge: Dodged            |    11 |    17 |    22 ||    50
Block: Buckler           |       |       |     6 ||     6
